[Event "ICC tourney 2556 (25 5)"]
[Site "Internet Chess Club"]
[Date "2021.05.08"]
[Round "2"]
[White "CHAN, ARTHUR:K05-30015869"]
[Black "PAK, KINGSTON:K05-30066451"]
[Result "0-1"]
[ICCResult "White checkmated"]
[WhiteElo "862"]
[BlackElo "1303"]
[Opening "QGD: classical variation (5.Bf4)"]
[ECO "D31"]
[NIC "QO.04"]
[Time "13:33:25"]
[PlyCount "90"]
[TimeControl "1500+5"]

1. d4 d5 2. c4 e6 3. Nc3 Be7 4. Nf3 Nf6 5. Bf4 O-O 6. e3 b6 7. Bd3 Bb7 8.
O-O c5 9. b3 cxd4 10. exd4 Nc6 11. h3 dxc4 12. bxc4 Nxd4 13. Nxd4 Bd6 14.
Bxd6 Qxd6 15. Nf3 Qf4 16. Nh2 Rfd8 17. Qe2 Rac8 18. Qe3 Qxe3 19. Bxh7+ Nxh7
20. fxe3 Rxc4 21. Ne2 Rc2 22. Nf4 e5 23. Nh5 Rxg2+ 24. Kh1 Rxa2+ 25. Kg1
Rg2+ 26. Kh1 Rg5+ 27. Nf3 Rxh5 28. Kh2 Bxf3 29. Rxf3 Rd2+ 30. Kg3 a5 31.
Rc1 Rg5+ 32. Kh4 f6 33. Rc8+ Kf7 34. Rc7+ Kg6 35. Rb7 Rdg2 36. Rg3 R2xg3
37. Rxg7+ Kxg7 38. e4 Rxh3+ 39. Kxh3 a4 40. Kh4 a3 41. Kh3 a2 42. Kh2 a1=Q
43. Kh3 Qf1+ 44. Kh4 Qf4+ 45. Kh3 Qg3# { White checkmated } 0-1

[Event "ICC tourney 2556 (25 5)"]
[Site "Internet Chess Club"]
[Date "2021.05.08"]
[Round "2"]
[White "KASERA, SAANVI:K05-16376033"]
[Black "KIRILOV SAKALIYSKI, CHRISTOPHER:K05-16115040"]
[Result "0-1"]
[ICCResult "White checkmated"]
[WhiteElo "951"]
[BlackElo "1446"]
[Opening "King's pawn opening"]
[ECO "B07"]
[NIC "VO.17"]
[Time "13:33:42"]
[PlyCount "106"]
[TimeControl "1500+5"]

1. e4 d6 2. Bc4 g6 3. d3 Bg7 4. Nc3 Nf6 5. h3 O-O 6. Bg5 Nbd7 7. Nf3 h6 8.
Bh4 c6 9. O-O a5 10. a4 e5 11. Bg3 Nh5 12. Bh4 g5 13. Bg3 Nf4 14. Bxf4 exf4
15. Nh2 Nb6 16. Qh5 Be6 17. Bxe6 fxe6 18. Qg6 Qe8 19. Qxe8 Rfxe8 20. Rae1
d5 21. exd5 exd5 22. Rxe8+ Rxe8 23. Ng4 h5 24. Nh2 Kf7 25. g3 fxg3 26.
fxg3+ Kg6 27. g4 h4 28. Nf3 Bxc3 29. bxc3 Nxa4 30. Ra1 Nxc3 31. Rxa5 Ne2+
32. Kf2 Nf4 33. Nd4 Nxh3+ 34. Kg2 Nf4+ 35. Kf3 Ne6 36. Nxe6 Rxe6 37. Ra7
Re7 38. d4 Rf7+ 39. Ke3 h3 40. Ra1 Rf4 41. Rh1 Rxg4 42. Rxh3 Re4+ 43. Kd3
g4 44. Rg3 Kg5 45. Rg2 Kh4 46. Rg1 g3 47. Kd2 Kh3 48. Rf1 g2 49. Rg1 Kh2
50. Rd1 Rxd4+ 51. Ke1 g1=Q+ 52. Ke2 Re4+ 53. Kd2 Qe3# { White checkmated }
0-1

[Event "ICC tourney 2556 (25 5)"]
[Site "Internet Chess Club"]
[Date "2021.05.08"]
[Round "2"]
[White "QIAO, MASON:K05-17196377"]
[Black "PULIJALA, AKSHAJ:K05-16497860"]
[Result "0-1"]
[ICCResult "White checkmated"]
[WhiteElo "957"]
[BlackElo "1455"]
[Opening "Sicilian: Pelikan (Lasker/Sveshnikov) variation"]
[ECO "B33"]
[NIC "SI.35"]
[Time "13:33:42"]
[PlyCount "50"]
[TimeControl "1500+5"]

1. e4 c5 2. Nf3 Nc6 3. d4 cxd4 4. Nxd4 Nf6 5. Nc3 e5 6. Nf3 Bb4 7. Bd3 d5
8. a3 Bxc3+ 9. bxc3 dxe4 10. Be2 Qxd1+ 11. Bxd1 exf3 12. Bxf3 e4 13. Be2
O-O 14. O-O Nd5 15. Bb2 Be6 16. c4 Nf4 17. Bd1 Bxc4 18. Re1 Rfe8 19. g3 Ng6
20. h4 Bd5 21. h5 Nge5 22. Bxe5 Nxe5 23. f4 exf3 24. Kf2 Ng4+ 25. Kg1 Rxe1#
{ White checkmated } 0-1

[Event "ICC tourney 2556 (25 5)"]
[Site "Internet Chess Club"]
[Date "2021.05.08"]
[Round "2"]
[White "J WANG, ALEXANDER:K05-15983386"]
[Black "SAI POTHABATHULA, RAHUL:K05-17274526"]
[Result "1-0"]
[ICCResult "Black resigns"]
[WhiteElo "2124"]
[BlackElo "1154"]
[Opening "Ruy Lopez: Caro variation"]
[ECO "C70"]
[NIC "RL.09"]
[Time "13:32:54"]
[PlyCount "31"]
[TimeControl "1500+5"]

1. e4 e5 2. Nf3 Nc6 3. Bb5 a6 4. Ba4 b5 5. Bb3 Bd6 6. c3 f6 7. O-O Nge7 8.
d4 exd4 9. cxd4 Bb7 10. Re1 Na5 11. e5 fxe5 12. Nxe5 Bxe5 13. Qh5+ g6 14.
Qxe5 Rf8 15. Bh6 Nc6 16. Qg7 { Black resigns } 1-0

[Event "ICC tourney 2556 (25 5)"]
[Site "Internet Chess Club"]
[Date "2021.05.08"]
[Round "2"]
[White "SENTHIL, ADITYA:K05-16653164"]
[Black "SOMARAM, AKANKSHA:K05-17045572"]
[Result "1-0"]
[ICCResult "Black checkmated"]
[WhiteElo "1237"]
[BlackElo "333"]
[Opening "King's pawn game"]
[ECO "C50"]
[NIC "IG.03"]
[Time "13:34:52"]
[PlyCount "53"]
[TimeControl "1500+5"]

1. e4 e5 2. Nf3 Nc6 3. Bc4 h6 4. c3 Nf6 5. d3 d6 6. Be3 Bg4 7. Nbd2 Bxf3 8.
Qxf3 Qe7 9. d4 O-O-O 10. O-O g5 11. a4 g4 12. Qe2 h5 13. b4 h4 14. a5 a6
15. Bd3 g3 16. fxg3 hxg3 17. h3 Nh5 18. b5 axb5 19. Bxb5 Qd7 20. d5 Qe7 21.
dxc6 bxc6 22. Bxc6 Nf4 23. Bxf4 exf4 24. a6 Bg7 25. a7 Bd4+ 26. cxd4 Rxh3
27. a8=Q# { Black checkmated } 1-0

[Event "ICC tourney 2556 (25 5)"]
[Site "Internet Chess Club"]
[Date "2021.05.08"]
[Round "2"]
[White "THIRUGNANA, KAVIN:K05-30020780"]
[Black "SI YUAN SHEN, DANIEL:K05-30129382"]
[Result "0-1"]
[ICCResult "White checkmated"]
[WhiteElo "308"]
[BlackElo "791"]
[Opening "Sicilian"]
[ECO "B50"]
[NIC "SI.01"]
[Time "13:35:02"]
[PlyCount "72"]
[TimeControl "1500+5"]

1. e4 c5 2. Nf3 d6 3. Nc3 Nf6 4. Bc4 g6 5. d3 Bg7 6. Bg5 O-O 7. O-O Nc6 8.
Bxf6 Bxf6 9. Nb5 Bxb2 10. Rb1 Bg7 11. Bd5 a6 12. Na3 Ne5 13. Nxe5 Bxe5 14.
Bxb7 Bxb7 15. Rxb7 e6 16. Qb1 Qh4 17. h3 Qf4 18. g3 Qf3 19. h4 d5 20. Qb6
dxe4 21. dxe4 Qxe4 22. Rd7 Bd4 23. Qd6 e5 24. Qf6 Qg4 25. Re7 e4 26. Rb1
Bxf6 27. Rd7 Bxh4 28. Rc7 Bxg3 29. fxg3 Qxg3+ 30. Kf1 e3 31. Ke2 Qf2+ 32.
Kd3 Qd2+ 33. Ke4 e2 34. Kf3 e1=Q 35. Rbb7 Qee3+ 36. Kg4 Qdd4# { White
checkmated } 0-1

[Event "ICC tourney 2556 (25 5)"]
[Site "Internet Chess Club"]
[Date "2021.05.08"]
[Round "2"]
[White "KOTHAPALLI, ASHISH:K05-16185293"]
[Black "MURUGAN AYYAPPAN, ADHIRAIYAN:K05-16024678"]
[Result "0-1"]
[ICCResult "White checkmated"]
[WhiteElo "897"]
[BlackElo "1378"]
[Opening "Queen's pawn, Mason variation"]
[ECO "D00"]
[NIC "QP.08"]
[Time "13:33:33"]
[PlyCount "86"]
[TimeControl "1500+5"]

1. d4 d5 2. Bf4 Bf5 3. Nc3 Nf6 4. Nb5 Na6 5. e3 c6 6. Nc3 Nb8 7. Nf3 Nbd7
8. Bd3 Bg6 9. h3 e6 10. O-O Ne4 11. Bxe4 dxe4 12. Nd2 f5 13. f3 exf3 14.
Nxf3 Nf6 15. Qe2 Bb4 16. Qd3 Bxc3 17. Qxc3 Nd5 18. Qb3 Qb6 19. Qxb6 axb6
20. Be5 Nxe3 21. Rf2 Rg8 22. Re2 Nd5 23. c4 Nb4 24. a3 Nd3 25. Bc7 b5 26.
cxb5 cxb5 27. Rxe6+ Kd7 28. Rd6+ Kxc7 29. Rd5 Kc6 30. Re5 Nxe5 31. Nxe5+
Kd5 32. Nf3 b4 33. Rc1 Rgc8 34. Re1 Re8 35. Rc1 Rac8 36. Rd1 bxa3 37. bxa3
Bh5 38. Rb1 Bxf3 39. gxf3 Kxd4 40. Rxb7 Ke3 41. Rxg7 Kxf3 42. Rxh7 Rc1+ 43.
Kh2 Re2# { White checkmated } 0-1

[Event "ICC tourney 2556 (25 5)"]
[Site "Internet Chess Club"]
[Date "2021.05.08"]
[Round "2"]
[White "ARISTA, DANYA:K05-16268653"]
[Black "JOSHI, AARAV:K05-30026655"]
[Result "0-1"]
[ICCResult "White checkmated"]
[WhiteElo "421"]
[BlackElo "834"]
[Opening "Sicilian: closed, 2...Nc6"]
[ECO "B23"]
[NIC "SI.44"]
[Time "13:32:31"]
[PlyCount "48"]
[TimeControl "1500+5"]

1. e4 c5 2. Nc3 Nc6 3. Nf3 d6 4. Bc4 Nf6 5. O-O e6 6. d3 Be7 7. Bf4 O-O 8.
Qd2 d5 9. exd5 exd5 10. Bb3 Re8 11. Rfe1 Nh5 12. Be3 Qd6 13. d4 c4 14. Ba4
Qg6 15. Nxd5 Bg4 16. Ng5 h6 17. Nc7 Bxg5 18. Nxe8 Rxe8 19. d5 Bxe3 20. Rxe3
Rxe3 21. Qxe3 Nb4 22. Qe8+ Kh7 23. Re1 Bf3 24. Kf1 Qxg2# { White checkmated
} 0-1

[Event "ICC tourney 2556 (25 5)"]
[Site "Internet Chess Club"]
[Date "2021.05.08"]
[Round "2"]
[White "ARORA, KABEER:K05-15760440"]
[Black "SRINIVASAN, AATHYANDH:K05-16827837"]
[Result "1/2-1/2"]
[ICCResult "Game drawn by repetition"]
[WhiteElo "1040"]
[BlackElo "543"]
[Opening "Queen's pawn, Mason variation"]
[ECO "D00"]
[NIC "QP.08"]
[Time "13:33:51"]
[PlyCount "93"]
[TimeControl "1500+5"]

1. d4 d5 2. Bf4 Nf6 3. e3 e6 4. c4 Bb4+ 5. Nc3 Bxc3+ 6. bxc3 Ne4 7. cxd5
Nxc3 8. Qb3 Nxd5 9. Qc2 O-O 10. Nf3 Nb4 11. Qb3 N8a6 12. a3 Nd5 13. Qc2
Nxf4 14. exf4 b6 15. Ng5 g6 16. Rc1 f6 17. Bxa6 fxg5 18. Bxc8 Rxc8 19. fxg5
Qxd4 20. O-O c5 21. Rfd1 Qe5 22. Qc4 Rfd8 23. Re1 Qd5 24. Qe2 Re8 25. Rcd1
Qc6 26. Qf3 Qxf3 27. gxf3 Rf8 28. Rxe6 Rxf3 29. Rd7 Rxa3 30. Ree7 Rf3 31.
Rg7+ Kf8 32. Rxh7 Ke8 33. Rhe7+ Kf8 34. Rh7 Kg8 35. Rhg7+ Kf8 36. Rh7 Ke8
37. Rhe7+ Kf8 38. Rh7 Kg8 39. Rhg7+ Kf8 40. Rh7 Ke8 41. Rhe7+ Kf8 42. Rh7
Ke8 43. Rhe7+ Kf8 44. Rh7 Ke8 45. Rhe7+ Kf8 46. Rh7 Kg8 47. Rhg7+ { Game
drawn by repetition } 1/2-1/2

[Event "ICC tourney 2556 (25 5)"]
[Site "Internet Chess Club"]
[Date "2021.05.08"]
[Round "2"]
[White "YIN, HAOXUAN:K05-16009384"]
[Black "KANCHARLAPALLI, NIYATI:K05-16973271"]
[Result "1-0"]
[ICCResult "Black checkmated"]
[WhiteElo "790"]
[BlackElo "310"]
[Opening "French: exchange variation"]
[ECO "C01"]
[NIC "FR.01"]
[Time "13:33:35"]
[PlyCount "77"]
[TimeControl "1500+5"]

1. e4 e6 2. d4 d5 3. exd5 exd5 4. Nf3 Nf6 5. Bd3 Nc6 6. O-O Bd6 7. Re1+ Be6
8. c4 dxc4 9. Bxc4 O-O 10. Bxe6 fxe6 11. Rxe6 Nxd4 12. Qxd4 Bxh2+ 13. Kxh2
Qxd4 14. Nxd4 Ng4+ 15. Kg3 Nxf2 16. Nc3 Nd3 17. Re3 Nxc1 18. Rxc1 Rfd8 19.
Ne6 Rd2 20. Nxc7 Rf8 21. Rf3 Rfd8 22. Rf2 R2d3+ 23. Rf3 R3d4 24. Ne6 R4d5
25. Nxd8 Rg5+ 26. Kf2 Rh5 27. Rh3 Rf5+ 28. Rf3 Rh5 29. Re1 h6 30. g4 Rh2+
31. Ke3 Kh7 32. Kf4 g5+ 33. Kf5 Kg7 34. Re7+ Kf8 35. Ke6+ Kg8 36. Rf6 Rh4
37. Rg6+ Kf8 38. Kf6 Rxg4 39. Ne6# { Black checkmated } 1-0

[Event "ICC tourney 2556 (25 5)"]
[Site "Internet Chess Club"]
[Date "2021.05.08"]
[Round "2"]
[White "ZHANG, SARAH:K05-16865540"]
[Black "ZONGO, SAMIRA:K05-16439907"]
[Result "1-0"]
[ICCResult "Black checkmated"]
[WhiteElo "1087"]
[BlackElo "560"]
[Opening "Giuoco Pianissimo: Italian four knights variation"]
[ECO "C50"]
[NIC "IG.02"]
[Time "13:33:09"]
[PlyCount "51"]
[TimeControl "1500+5"]

1. e4 e5 2. Nf3 Nc6 3. Bc4 Bc5 4. Nc3 Nf6 5. d3 d6 6. h3 Be6 7. Bb3 d5 8.
exd5 Nxd5 9. Nxd5 Bxd5 10. Be3 Bxe3 11. fxe3 Nb4 12. O-O Qf6 13. e4 Bc6 14.
a3 Na6 15. Qe1 O-O 16. Qh4 Qg6 17. Qg5 h6 18. Qxg6 Nc5 19. Qg3 Rae8 20.
Nxe5 Bb5 21. Bxf7+ Rxf7 22. Nxf7 Ne6 23. Nxh6+ Kh7 24. Nf5 Rg8 25. Qh4+ Kg6
26. Ne7# { Black checkmated } 1-0

[Event "ICC tourney 2556 (25 5)"]
[Site "Internet Chess Club"]
[Date "2021.05.08"]
[Round "2"]
[White "PALANIAPPAN, ABHINAV:K05-16592332"]
[Black "WEST, VIVIAN:K05-30142565"]
[Result "1-0"]
[ICCResult "Black checkmated"]
[WhiteElo "732"]
[BlackElo "101"]
[Opening "Giuoco Piano: four knights variation"]
[ECO "C55"]
[NIC "IG.01"]
[Time "13:34:39"]
[PlyCount "93"]
[TimeControl "1500+5"]

1. e4 e5 2. Nf3 Nc6 3. Bc4 Nf6 4. Nc3 Bc5 5. O-O d6 6. d3 Bg4 7. Bg5 h6 8.
h3 hxg5 9. hxg4 Qe7 10. Nxg5 O-O-O 11. Nxf7 Rhf8 12. Nxd8 Nxd8 13. Nd5 Nxd5
14. Bxd5 Qh4 15. Qf3 Rh8 16. Qh3 Bxf2+ 17. Rxf2 Qxh3 18. gxh3 Rxh3 19. Rh2
Rg3+ 20. Rg2 Rxg2+ 21. Kxg2 b5 22. Bg8 Nc6 23. Kg3 Nb4 24. Bb3 a5 25. g5 c5
26. Kg4 a4 27. Be6+ Kc7 28. Kf5 Nxc2 29. Rc1 a3 30. Rxc2 b4 31. bxa3 bxa3
32. Kg6 c4 33. Rxc4+ Kb6 34. Kxg7 Kb5 35. g6 d5 36. exd5 e4 37. Rxe4 Kc5
38. Kf7 Kd6 39. g7 Kc5 40. g8=Q Kb5 41. Qb8+ Kc5 42. Qc7+ Kb5 43. Qc4+ Ka5
44. Qb4+ Ka6 45. Qc5 Kb7 46. Rb4+ Ka8 47. Qa5# { Black checkmated } 1-0

[Event "ICC tourney 2556 (25 5)"]
[Site "Internet Chess Club"]
[Date "2021.05.08"]
[Round "2"]
[White "BABLANI, ARNAV:K05-16018565"]
[Black "BEARD, THEO:K05-16437551"]
[Result "1-0"]
[ICCResult "Black checkmated"]
[WhiteElo "909"]
[BlackElo "521"]
[Opening "Pirc: classical (two knights) system"]
[ECO "B06"]
[NIC "PU.10"]
[Time "13:35:02"]
[PlyCount "39"]
[TimeControl "1500+5"]

1. e4 g6 2. d4 Bg7 3. Nc3 d6 4. Nf3 Nf6 5. Bg5 O-O 6. Qd2 h6 7. Bxh6 Bxh6
8. Qxh6 Ng4 9. Qh4 Nf6 10. Ng5 Re8 11. e5 dxe5 12. dxe5 Nh5 13. g4 Qd7 14.
gxh5 Rd8 15. Nce4 Qg4 16. Qxg4 Bxg4 17. h6 f6 18. exf6 exf6 19. Nxf6+ Kh8
20. Nf7# { Black checkmated } 1-0

[Event "ICC tourney 2556 (25 5)"]
[Site "Internet Chess Club"]
[Date "2021.05.08"]
[Round "2"]
[White "SHARMA, SUNEET:K05-16802074"]
[Black "DAS, AISHANI:K05-17316275"]
[Result "1-0"]
[ICCResult "Black checkmated"]
[WhiteElo "847"]
[BlackElo "469"]
[Opening "French defense"]
[ECO "C00"]
[NIC "FR.01"]
[Time "13:33:12"]
[PlyCount "47"]
[TimeControl "1500+5"]

1. e4 e6 2. Nf3 d5 3. exd5 exd5 4. d4 Bd6 5. Nc3 Nf6 6. Bg5 Nbd7 7. Nxd5 c6
8. Nxf6+ Nxf6 9. Bc4 O-O 10. O-O Be6 11. Bxe6 fxe6 12. Bxf6 Qxf6 13. Qd3
Rad8 14. Rfe1 c5 15. Qe4 Rde8 16. Qxb7 cxd4 17. Rad1 e5 18. Qxa7 e4 19.
Nxd4 Qxf2+ 20. Kh1 Qh4 21. g3 Bxg3 22. Re2 e3 23. Rg1 Bf2 24. Qxg7# { Black
checkmated } 1-0

[Event "ICC tourney 2556 (25 5)"]
[Site "Internet Chess Club"]
[Date "2021.05.08"]
[Round "2"]
[White "VENKATRAMAN, PRANAV:K05-30038361"]
[Black "MARADANA, HARSHA:K05-30024511"]
[Result "1-0"]
[ICCResult "Black checkmated"]
[WhiteElo "808"]
[BlackElo "361"]
[Opening "Giuoco Pianissimo: Italian four knights variation"]
[ECO "C50"]
[NIC "IG.02"]
[Time "13:33:44"]
[PlyCount "117"]
[TimeControl "1500+5"]

1. e4 e5 2. Nf3 Nc6 3. Bc4 Bc5 4. Nc3 Nf6 5. d3 h6 6. O-O d6 7. a3 Bg4 8.
b4 Bb6 9. h3 Bxf3 10. Qxf3 O-O 11. Nd5 Nxd5 12. Bxd5 Nd4 13. Qd1 a5 14. c3
c6 15. Bb3 Nxb3 16. Qxb3 a4 17. Qc2 d5 18. c4 dxc4 19. dxc4 Bc7 20. Be3 Qd6
21. Bc5 Qd7 22. Bxf8 Rxf8 23. Rad1 Qe7 24. Qxa4 f5 25. Qc2 fxe4 26. Qxe4
Rf4 27. Qd3 Rd4 28. Qc3 Rxd1 29. Rxd1 e4 30. Re1 Qd6 31. Qg3 Qxg3 32. fxg3
Bxg3 33. Rxe4 Kf7 34. a4 Kf6 35. Re3 Bd6 36. c5 Bf4 37. Rf3 Kf5 38. g3 g5
39. gxf4 gxf4 40. b5 cxb5 41. axb5 Ke5 42. c6 bxc6 43. bxc6 Kd6 44. Rxf4
Kxc6 45. Rf7 h5 46. Rh7 Kd5 47. Rxh5+ Ke4 48. Rg5 Kf4 49. Rg8 Kf3 50. h4
Kf4 51. h5 Kf5 52. h6 Kf6 53. Rg2 Kf7 54. h7 Kf8 55. h8=Q+ Kf7 56. Qe5 Kf8
57. Rf2+ Kg8 58. Qg5+ Kh8 59. Rh2# { Black checkmated } 1-0

[Event "ICC tourney 2556 (25 5)"]
[Site "Internet Chess Club"]
[Date "2021.05.08"]
[Round "2"]
[White "XIE, ANDREW:K05-16610874"]
[Black "VELAMURU, SREEKAR:K05-17024815"]
[Result "1-0"]
[ICCResult "Black checkmated"]
[WhiteElo "834"]
[BlackElo "423"]
[Opening "King's pawn game"]
[ECO "C21"]
[NIC "KP.10"]
[Time "13:34:20"]
[PlyCount "73"]
[TimeControl "1500+5"]

1. e4 e5 2. d4 d6 3. Bc4 Nc6 4. d5 Na5 5. Bb3 g6 6. Bd2 Nxb3 7. axb3 Bg7 8.
Nf3 Ne7 9. Bg5 O-O 10. O-O Bg4 11. h3 Bxf3 12. Qxf3 h6 13. Be3 Qd7 14. Qe2
a5 15. f4 exf4 16. Bxf4 Ra6 17. Be3 a4 18. b4 Bxb2 19. Ra2 Be5 20. b5 Ra5
21. Na3 Bc3 22. Qc4 Bg7 23. Bd2 Raa8 24. Nb1 c5 25. Nc3 Rac8 26. Nxa4 Ra8
27. Nb6 Qc8 28. Nxc8 Rxa2 29. Nxe7+ Kh8 30. Qxa2 Re8 31. Rxf7 Kh7 32. Bc3
h5 33. Rxg7+ Kh6 34. Ng8+ Kg5 35. Bf6+ Kf4 36. c4 Rxe4 37. Qf2# { Black
checkmated } 1-0

[Event "ICC tourney 2556 (25 5)"]
[Site "Internet Chess Club"]
[Date "2021.05.08"]
[Round "2"]
[White "KURUP, SIDDHARTH:K05-16282415"]
[Black "MUNRO HARTMAN, NADAV:K05-16966336"]
[Result "1-0"]
[ICCResult "Black checkmated"]
[WhiteElo "1548"]
[BlackElo "1046"]
[Opening "QGD semi-Slav: 5.e3"]
[ECO "D45"]
[NIC "SL.08"]
[Time "13:32:31"]
[PlyCount "155"]
[TimeControl "1500+5"]

1. d4 d5 2. c4 c6 3. Nc3 Nf6 4. Nf3 e6 5. e3 Bb4 6. Bd3 dxc4 7. Bxc4 Ne4 8.
Bd2 Nxd2 9. Qxd2 Nd7 10. O-O Nb6 11. Bd3 Bd7 12. e4 Qe7 13. a3 Bd6 14. e5
Bc7 15. Qe2 O-O 16. Rfe1 Nd5 17. Qe4 f5 18. exf6 Nxf6 19. Qh4 Qf7 20. Ne4
h6 21. Ne5 Bxe5 22. dxe5 Nd5 23. Nd6 Qf4 24. Qg3 Qxg3 25. hxg3 b6 26. Rac1
c5 27. Be4 Bc6 28. b4 Ne7 29. Bxc6 Nxc6 30. bxc5 bxc5 31. Rxc5 Nd4 32. Rd1
Ne2+ 33. Kh2 Rxf2 34. Rc2 Raf8 35. Rdd2 Nd4 36. Rxf2 Nxc2 37. Rxc2 Kh7 38.
Rc7 Ra8 39. Re7 a5 40. Rxe6 Kg8 41. Re8+ Rxe8 42. Nxe8 Kf7 43. Nc7 Ke7 44.
Kh3 Kd7 45. Nb5 Ke6 46. Kg4 Kxe5 47. Kh5 Kf6 48. Nd4 Kf7 49. Nc6 a4 50. Nd4
Kf6 51. Nb5 Kf5 52. Nc3 g6+ 53. Kh4 Ke5 54. Nxa4 Kd4 55. g4 Kc4 56. g5 h5
57. Nb2+ Kb3 58. a4 Kb4 59. Kg3 Kc5 60. Kf4 Kd5 61. a5 Kc6 62. Ke5 h4 63.
Kf6 Kb5 64. Nc4 Ka6 65. Kxg6 Kb5 66. Kh5 h3 67. gxh3 Ka6 68. g6 Kb5 69. g7
Ka6 70. g8=Q Kb5 71. Qb8+ Kc6 72. a6 Kd5 73. a7 Kxc4 74. a8=Q Kd3 75. Qd5+
Ke2 76. Qb2+ Ke3 77. Qdd4+ Kf3 78. Qbf2# { Black checkmated } 1-0

[Event "ICC tourney 2556 (25 5)"]
[Site "Internet Chess Club"]
[Date "2021.05.08"]
[Round "2"]
[White "GRESHAM, JOB:K05-16440438"]
[Black "KONSTANTAKOS, CHRISTOS:K05-17130487"]
[Result "0-1"]
[ICCResult "White checkmated"]
[WhiteElo "954"]
[BlackElo "1447"]
[Opening "Scotch game"]
[ECO "C45"]
[NIC "SO.05"]
[Time "13:32:45"]
[PlyCount "62"]
[TimeControl "1500+5"]

1. e4 e5 2. Nf3 Nc6 3. d4 exd4 4. Nxd4 Bc5 5. Nxc6 Qf6 6. Qf3 bxc6 7. Nc3
Qxf3 8. gxf3 Nf6 9. Bd3 O-O 10. Rg1 Kh8 11. Bg5 Rb8 12. O-O-O Bxf2 13. Rg2
Bc5 14. Bxf6 gxf6 15. Rg4 d6 16. Rh4 Be3+ 17. Kb1 Bg5 18. Rh5 h6 19. h4 Bf4
20. Ra5 Be5 21. Na4 Be6 22. Rxa7 Ra8 23. Rxa8 Rxa8 24. b3 Rg8 25. Rf1 Bh3
26. Rh1 Bg2 27. Re1 Bxf3 28. a3 h5 29. Be2 Bxe2 30. Rxe2 Rg1+ 31. Ka2 Ra1#
{ White checkmated } 0-1

[Event "ICC tourney 2556 (25 5)"]
[Site "Internet Chess Club"]
[Date "2021.05.08"]
[Round "2"]
[White "RUTHERFORD, ELI:K05-16195682"]
[Black "MICHAEL KAGAN, BENYAMIN:K05-30083267"]
[Result "1-0"]
[ICCResult "Black checkmated"]
[WhiteElo "785"]
[BlackElo "301"]
[Opening "King's pawn game"]
[ECO "C50"]
[NIC "IG.03"]
[Time "13:34:53"]
[PlyCount "135"]
[TimeControl "1500+5"]

1. e4 e5 2. Nf3 Nc6 3. Bc4 Nh6 4. O-O Bc5 5. Nc3 d6 6. d3 Bg4 7. Re1 Nd4 8.
Be3 Nxf3+ 9. gxf3 Bxe3 10. fxe3 Bd7 11. Kh1 O-O 12. Rg1 a6 13. f4 exf4 14.
exf4 b5 15. Bd5 c6 16. Bb3 a5 17. a3 a4 18. Ba2 Be6 19. Bxe6 fxe6 20. Rg2
Rxf4 21. Qg1 Rg4 22. Rxg4 Nxg4 23. Qxg4 Qd7 24. Ne2 d5 25. exd5 Qxd5+ 26.
Qg2 Qxg2+ 27. Kxg2 Rf8 28. Rf1 Rxf1 29. Kxf1 h5 30. Nf4 g5 31. Nxe6 g4 32.
Nf4 h4 33. Ng6 g3 34. hxg3 hxg3 35. Kg2 Kg7 36. Ne5 Kf6 37. Nxc6 Kg5 38.
Kxg3 Kf6 39. b3 axb3 40. cxb3 Ke6 41. a4 bxa4 42. bxa4 Kd6 43. Nb4 Kc5 44.
Nc2 Kb6 45. Kf4 Ka5 46. Ke5 Kxa4 47. d4 Kb3 48. d5 Kc4 49. Ke6 Kc3 50. d6
Kxc2 51. Ke7 Kc3 52. d7 Kc4 53. d8=Q Kc5 54. Qa8 Kd4 55. Qa5 Ke4 56. Ke6
Kd4 57. Qh5 Kc4 58. Kd6 Kd4 59. Qh4+ Ke3 60. Kd5 Kf3 61. Ke5 Ke2 62. Qh3
Kd2 63. Ke4 Kc2 64. Kd4 Kd1 65. Qh2 Ke1 66. Kd3 Kf1 67. Ke3 Ke1 68. Qh1# {
Black checkmated } 1-0

[Event "ICC tourney 2556 (25 5)"]
[Site "Internet Chess Club"]
[Date "2021.05.08"]
[Round "2"]
[White "PALAVALASA, YATHIN:K05-16801353"]
[Black "NILES, NOAH:K05-30027195"]
[Result "1-0"]
[ICCResult "Black checkmated"]
[WhiteElo "825"]
[BlackElo "408"]
[Opening "Robatsch (modern) defense"]
[ECO "B06"]
[NIC "KF.06"]
[Time "13:32:39"]
[PlyCount "129"]
[TimeControl "1500+5"]

1. e4 g6 2. Nf3 Bg7 3. Bc4 Nf6 4. Nc3 d6 5. d4 Bg4 6. Be2 O-O 7. Bf4 Re8 8.
Qd2 e5 9. dxe5 dxe5 10. Qxd8 Rxd8 11. Bxe5 Re8 12. Bxc7 Nc6 13. h3 Bxf3 14.
Bxf3 Nd4 15. O-O-O Nd7 16. Rhe1 Nxf3 17. gxf3 Nc5 18. e5 Rac8 19. Bd6 Nd7
20. Rd2 Nxe5 21. Bxe5 Bxe5 22. Rde2 Rc5 23. Kb1 Kf8 24. Na4 Rcc8 25. Rxe5
Rxe5 26. Rxe5 Rd8 27. Nc3 a6 28. Rd5 Re8 29. a3 b5 30. Rd6 a5 31. Nxb5 Re1+
32. Ka2 Re5 33. Nc3 Rf5 34. Rd8+ Kg7 35. Rd3 Kf6 36. Ne4+ Ke5 37. Nc3 h5
38. b4 axb4 39. axb4 Ke6 40. b5 Rc5 41. b6 Ra5+ 42. Kb3 Ra6 43. Kb2 Rxb6+
44. Kc1 f5 45. Kd2 g5 46. Ne2 g4 47. fxg4 fxg4 48. hxg4 h4 49. Rh3 Rd6+ 50.
Ke1 Rc6 51. Nd4+ Kd5 52. Nxc6 Kxc6 53. Rxh4 Kc5 54. Rh3 Kd5 55. Rf3 Ke5 56.
g5 Ke4 57. Rf8 Ke5 58. g6 Ke6 59. g7 Ke7 60. g8=Q Kd7 61. Qg7+ Kc6 62. Rf5
Kd6 63. Qg6+ Ke7 64. Rf7+ Ke8 65. Qg8# { Black checkmated } 1-0

[Event "ICC tourney 2556 (25 5)"]
[Site "Internet Chess Club"]
[Date "2021.05.08"]
[Round "2"]
[White "CHEN, LAFAYETTE:K05-16910808"]
[Black "JOSHUA RAJESH, AADITYA:K05-16964021"]
[Result "1-0"]
[ICCResult "Black checkmated"]
[WhiteElo "1483"]
[BlackElo "989"]
[Opening "English opening"]
[ECO "A21"]
[NIC "EO.23"]
[Time "13:34:17"]
[PlyCount "71"]
[TimeControl "1500+5"]

1. c4 e5 2. Nc3 c5 3. g3 Nc6 4. Bg2 Nf6 5. e4 Bd6 6. Nge2 b6 7. O-O Bb7 8.
d3 h6 9. Be3 O-O 10. h3 Re8 11. Qd2 Be7 12. f4 Nh7 13. f5 f6 14. h4 d6 15.
Kh2 h5 16. Bf3 Rf8 17. Bxh5 Nd4 18. Bf3 Nxf3+ 19. Rxf3 Qe8 20. g4 Rf7 21.
Rg1 Kh8 22. g5 fxg5 23. hxg5 Nf8 24. Rh3+ Kg8 25. g6 Rf6 26. Bg5 Rxf5 27.
exf5 Bxg5 28. Qxg5 Qd8 29. Qxd8 Rxd8 30. Kg3 Nd7 31. Nb5 Nf6 32. Nc7 e4 33.
Ne6 Re8 34. Rgh1 Nh7 35. Rxh7 exd3 36. Rh8# { Black checkmated } 1-0

[Event "ICC tourney 2556 (25 5)"]
[Site "Internet Chess Club"]
[Date "2021.05.08"]
[Round "2"]
[White "JIANG, ANDREW:K05-16091063"]
[Black "PARHAR, VIVAAN:K05-16000954"]
[Result "1-0"]
[ICCResult "Black checkmated"]
[WhiteElo "2021"]
[BlackElo "1148"]
[Opening "French: advance, Paulsen attack"]
[ECO "C02"]
[NIC "FR.03"]
[Time "13:32:49"]
[PlyCount "91"]
[TimeControl "1500+5"]

1. e4 e6 2. d4 d5 3. e5 c5 4. c3 Nc6 5. Nf3 Qb6 6. a3 Bd7 7. b4 c4 8. Be2
Nge7 9. O-O Nf5 10. a4 Be7 11. Nbd2 O-O 12. Ba3 a6 13. Re1 h6 14. g4 Nh4
15. Nxh4 Bxh4 16. b5 axb5 17. Bxf8 Rxf8 18. Nf3 Be7 19. axb5 Qxb5 20. Qd2
Na5 21. Rab1 Nb3 22. Qc2 Qa5 23. Nd2 Ba4 24. Nxb3 Bxb3 25. Qd2 Bg5 26. f4
Be7 27. Bd1 Bxd1 28. Rexd1 b5 29. Ra1 Qb6 30. Rdb1 f6 31. exf6 Bxf6 32. g5
hxg5 33. fxg5 Be7 34. Qe3 Rf5 35. Ra8+ Rf8 36. Rxf8+ Kxf8 37. h4 Kg8 38.
Rf1 Kh7 39. Qf3 e5 40. Qh5+ Kg8 41. Qf7+ Kh7 42. Qxe7 exd4 43. Rf6 dxc3+
44. Rxb6 c2 45. Rh6+ Kg8 46. Qe8# { Black checkmated } 1-0